 Dungeon Crawl Stone Soup version 0.27-a0-1301-g128193abf8 (webtiles) character file.

Game seed: 4240207620849333594

1834 quinnr the Zephyrmancer (level 9, -3/45 HPs)
             Began as a Tengu Air Elementalist on June 17, 2021.
             Was a Follower of Vehumet.
             Killed from afar by an orc wizard (7 damage)
             ... with a magic dart
             ... on level 5 of the Dungeon.
             The game lasted 00:26:38 (10731 turns).

quinnr the Zephyrmancer (Tengu Air Elementalist)   Turns: 10731, Time: 00:26:39

Health: -3/45      AC:  6    Str:  8    XL:     9   Next: 11%
Magic:  2/16       EV: 18    Int: 20    God:    Vehumet [*.....]
Gold:   201        SH:  5    Dex: 14    Spells: 5/16 levels left

rFire    + . .     SeeInvis .   r - staff of fire
rCold    . . .     Faith    .   (no shield)
rNeg     . . .     Spirit   .   a - +0 robe
rPois    .         Reflect  +   (helmet restricted)
rElec    .         Harm     .   (no cloak)
rCorr    .         Rampage  .   (no gloves)
Will     .....                  (boots unavailable)
Stlth    ++........             o - amulet of reflection
HPRegen  0.15/turn              m - +4 ring of protection
MPRegen  0.15/turn              p - +4 ring of evasion

@: lethally poisoned (-3 -> -11), flying quickly and evasively, quick
A: beak, talons 3, nimble flight
a: Renounce Religion


You were on level 5 of the Dungeon.
You worshipped Vehumet.
Vehumet was aware of your devotion.
You visited 2 branches of the dungeon, and saw 8 of its levels.
You also visited: Sewer.

You collected 201 gold pieces.

Inventory:

Missiles
 f - a throwing net
 i - 4 curare-tipped darts
Armour
 a - a +0 robe (worn)
Magical Staves
 r - a staff of fire (weapon)
Jewellery
 m - a +4 ring of protection (left hand)
 o - an amulet of reflection (around neck)
 p - a +4 ring of evasion (right hand)
Scrolls
 b - a scroll of blinking {unknown}
 c - a scroll of amnesia {unknown}
 d - 2 scrolls of teleportation
 e - a scroll of enchant weapon {unknown}
 g - a scroll of holy word {unknown}
 k - a scroll of immolation {unknown}
 n - a scroll of noise {unknown}
 y - a scroll of fear {unknown}
Potions
 h - a potion of might {unknown}
 j - 3 potions of resistance
 l - a potion of heal wounds
 q - 2 potions of curing {unknown}
 s - a potion of cancellation
 t - a potion of flight {unknown}
 u - a potion of invisibility {unknown}
 v - a potion of lignification {unknown}
 w - a potion of mutation {unknown}
 x - a potion of attraction {unknown}
 z - a potion of ambrosia {unknown}


   Skills:
 - Level 2.1 Dodging
 - Level 2.0 Stealth
 - Level 4.0 Spellcasting
 + Level 10.0 Conjurations
 + Level 10.6 Air Magic


You had 5 spell levels left.
You knew the following spells:

 Your Spells              Type           Power      Damage    Failure   Level
a - Shock                 Conj/Air       100%       1d9       1%          1
b - Static Discharge      Conj/Air       45%        N/A       1%          2
c - Swiftness             Air            46%        N/A       1%          3
d - Lightning Bolt        Conj/Air       22%        1d38      4%          5

Your spell library contained the following spells:

 Spells                   Type           Power      Damage    Failure   Level
 Foxfire                  Conj/Fire      100%       2x1d9     1%          1
 Airstrike                Air            23%        N/A       1%          4


Dungeon Overview and Level Annotations

Branches:
Dungeon (7/15)             Temple (1/1) D:7           Sewer (visited)

Altars:
Ashenzari
Dithmenos
Gozag
Kikubaaqudgha
Makhleb
Nemelex Xobeh
Qazlal
Trog
Uskayaw
Vehumet
Wu Jian
The Shining One

Shops:
D:3 :   D:4 (   D:7 :


Innate Abilities, Weirdness & Mutations

You have a beak for a mouth.
You have claws for feet.
Your magical nature lets you fly swiftly and evasively.


Message History

You block the orc wizard's attack.
The orc wizard gestures at you while chanting.
You are confused.
You closely miss the orc wizard.
The orc wizard is heavily wounded.
The orc wizard hits you with a +2 dagger of venom.
You're too confused to cast spells.
Okay, then.
Unknown command.
You're too confused to cast spells.
Okay, then.
Unknown command.
You closely miss the orc wizard. Your peck misses the orc wizard.
The orc wizard is heavily wounded.
The orc wizard hits you with a +2 dagger of venom.
You are poisoned.
You bump into the rock wall.
You feel very sick.
The orc wizard hits you but does no damage.
You are more poisoned.
You feel very sick.
The orc wizard mumbles some strange words.
The orc wizard flickers and vanishes!
Deactivating autopickup; reactivate with Ctrl-A.
You feel less confused.
You feel very sick. Something hits you.
You are lethally poisoned!
* * * LOW HITPOINT WARNING * * *
You feel very sick.
* * * LOW HITPOINT WARNING * * *
You feel very sick.
* * * LOW HITPOINT WARNING * * *
You feel very sick.
There is a stone staircase leading down here.
* * * LOW HITPOINT WARNING * * *
You feel very sick.
A magic dart appears from out of thin air!
The magic dart hits you!
You die...

........§§§§..§......#.......
......#.§§§§§§.§##...#.......
<..[..##§§§§§§§#####'#.......
..#######§§§§§###............
..#...####§..####............
..#...........+..............
..#...........#..............
..#...........#..............
..####'###'####.@............
.................#######.....
................{# .....
.................# ...
.....(...........#
.................#######.
.....##########..........
.....#........#[.........
.....#......{.'..........


There were no monsters in sight!

Vanquished Creatures
  Sigmund (D:2)
  Menkaure (D:7)
  2 black bears
  An orc warrior (D:5)
  A centaur (D:6)
  5 kobold brigands (Sewer)
  A bullfrog (D:7)
  A water moccasin zombie (D:3)
  A water moccasin skeleton (D:4)
  A centaur zombie (D:7)
  3 hounds
  A gnoll shaman (D:5)
  An orc priest (D:7)
  2 iguanas (D:7)
  Natasha (thrice) (D:3)
  A hound skeleton (D:4)
  6 gnolls
  A howler monkey skeleton (D:5)
  15 adders
  5 river rats
  A shadow imp (D:7)
  An ufetubus (D:5)
  An adder skeleton (D:4)
  8 worms
  2 dart slugs (D:1)
  8 orcs
  10 ball pythons
  5 bats
  7 endoplasms
  2 giant cockroaches (D:3)
  5 goblins
  6 hobgoblins
  4 jackals (D:1)
  8 kobolds
  4 quokkas
  2 frilled lizards (D:1)
  12 rats
139 creatures vanquished.

Notes
Turn   | Place    | Note
-------+----------+-------------------------------------------
     0 | D:1      | quinnr the Tengu Air Elementalist began the quest for the
                  | Orb.
     0 | D:1      | Reached XP level 1. HP: 10/10 MP: 4/4
     3 | D:1      | Noticed an electric eel
     4 | D:1      | Noticed an electric eel
    75 | D:1      | Reached XP level 2. HP: 12/15 MP: 0/6
   568 | D:1      | Found a faded altar of an unknown god.
   709 | D:1      | Reached XP level 3. HP: 19/19 MP: 1/7
  1323 | D:2      | Reached skill level 5 in Air Magic
  1453 | D:2      | Reached XP level 4. HP: 24/24 MP: 1/8
  2049 | D:2      | Learned a level 2 spell: Static Discharge
  2053 | D:2      | Learned a level 3 spell: Swiftness
  2203 | D:2      | Noticed Sigmund
  2649 | D:3      | Found Koffu's Book Shoppe.
  2657 | D:3      | Gained mutation: Your magical nature lets you fly swiftly
                  | and evasively. [Tengu growth]
  2657 | D:3      | Reached XP level 5. HP: 28/28 MP: 3/9
  3223 | D:3      | Noticed Natasha
  3229 | D:3      | Killed Natasha
  3388 | D:3      | Noticed a water elemental
  3390 | D:3      | Found a stormy altar of Qazlal.
  3391 | D:3      | Noticed an air elemental
  3391 | D:3      | Noticed a fire elemental
  3746 | D:3      | Reached skill level 5 in Conjurations
  3746 | D:3      | Reached XP level 6. HP: 15/32 MP: 0/11
  4069 | D:4      | Learned a level 5 spell: Lightning Bolt
  4677 | D:4      | Found Zeesaax's Antique Weapon Shop.
  5464 | D:3      | Noticed Natasha
  5468 | D:3      | Killed Natasha
  5505 | D:3      | Found Koffu's Book Shoppe.
  5526 | D:3      | Noticed Natasha
  5534 | D:3      | Killed Natasha
  6000 | D:3      | Found a stormy altar of Qazlal.
  6659 | D:2      | Killed Sigmund
  6660 | D:2      | Reached XP level 7. HP: 18/36 MP: 3/13
  7149 | D:5      | Entered Level 5 of the Dungeon
  7791 | D:5      | Found a shadowy altar of Dithmenos.
  7808 | D:5      | You are sucked into a shaft and drop 2 floors!
  7841 | D:7      | Reached XP level 8. HP: 37/41 MP: 7/15
  7978 | D:7      | Found Miavvux's Book Shoppe.
  8184 | D:7      | Found a staircase to the Ecumenical Temple.
  8197 | Temple   | Entered the Ecumenical Temple
  8345 | Temple   | Upgraded the game from 0.27-a0-1299-g1ab19c6527 to
                  | 0.27-a0-1301-g128193abf8
  8363 | Temple   | Became a worshipper of Vehumet
  8512 | D:7      | Noticed Menkaure
  8515 | D:7      | Killed Menkaure
  8958 | D:6      | Found a glowing drain.
  8974 | Sewer    | Entered a sewer
  9779 | Sewer    | Reached skill level 10 in Air Magic
  9912 | Sewer    | Reached * piety under Vehumet
  9912 | Sewer    | Offered knowledge of Foxfire by Vehumet.
 10241 | Sewer    | Reached XP level 9. HP: 37/45 MP: 8/16
 10687 | D:5      | Reached skill level 10 in Conjurations
 10731 | D:5      | HP: 4/45 [poisoned by an orc wizard]
 10731 | D:5      | Killed from afar by an orc wizard

Illustrated notes

Levels and vault maps discovered:
D:1:      arrival_aquarium_b, layout_basic, chequers_ecumenical_altar_simple
D:2:      layout_basic, uniq_sigmund
D:3:      layout_loops_corners, nicolae_qazlal_style_of_elements, serial_shops,
          nicolae_diamond_shop, minmay_statues_item, uniq_natasha
D:4:      layout_loops_corners, serial_shops, nicolae_shop_waterfront,
          minmay_misc_feat_doors
D:5:      layout_gridville, nicolae_dithmenos_the_darkroom,
          small_statue_intersection
D:6:      layout_layer_cave, zin_treasury, lightli_sewer_entry_pipes
D:7:      nzn_winding_woodlands_small [nzn_winding_woodlands_5x15_crooked,
          nzn_winding_woodlands_center_pierced_h,
          nzn_winding_woodlands_5x15_pockets], layout_loops_ring,
          minmay_temple_entry_proselytizer, serial_shops, shop, uniq_menkaure,
          uniq_joseph
Temple:   eino_temple_lava

Skill      XL: |  1  2  3  4  5  6  7  8  9 |
---------------+----------------------------+-----
Conjurations   | 2 3 4 5 6 7 9 10 | 10.0
Air Magic      | 5 6 7 8 10 | 10.6
Spellcasting   | 3 4 |  4.0
Dodging        | |  2.1
Stealth        | |  2.0

Action                   |  1- 3 |  4- 6 |  7- 9 || total
-------------------------+-------+-------+-------++-------
Melee: Unarmed           |     7 |     3 |       ||    10
       Peck              |     1 |     1 |     2 ||     4
       Kick              |       |     1 |     4 ||     5
       Staff             |       |       |    17 ||    17
 Cast: Shock             |    65 |   108 |   143 ||   316
       Static Discharge  |       |    25 |    28 ||    53
       Swiftness         |       |     1 |     3 ||     4
       Lightning Bolt    |       |       |     5 ||     5
  Use: Scroll            |       |     4 |     3 ||     7
       Potion            |       |       |     2 ||     2
Armor: Robe              |     4 |     7 |     9 ||    20
Dodge: Dodged            |    11 |    28 |    34 ||    73
Block: Other             |       |     1 |    15 ||    16
       Reflection        |       |       |     2 ||     2

Table legend: (Time is in decaauts)
 A = Elapsed time spent in this place.
 B = Non-inter-level travel time spent in this place.
 C = Inter-level travel time spent in this place.
 D = Time resting spent in this place.
 E = Time spent auto-exploring this place.
 F = Levels seen in this place.
 G = Mean time per level.
                   A        B        C        D        E       F      G
               +--------+--------+--------+--------+--------+-----+--------+
         Total |  10300 |   9784 |    516 |   2125 |   6613 |   9 | 1144.4 |
       Dungeon |   8741 |   8258 |    483 |   1635 |   5732 |   7 | 1248.7 |
        Temple |    164 |    132 |     32 |      3 |    125 |   1 |  164.0 |
         Sewer |   1393 |   1393 |      0 |    487 |    754 |   1 | 1393.0 |
               +--------+--------+--------+--------+--------+-----+--------+

Top non-repeatable levels by time:
     D:3: 2752 daAuts
     D:2: 1721 daAuts
   Sewer: 1393 daAuts
     D:1: 1274 daAuts
     D:4: 1126 daAuts
     D:5: 853 daAuts
     D:7: 523 daAuts
     D:6: 488 daAuts
  Temple: 164 daAuts
